Map: Éphémèrion EC

Players

defer

  • Race: Protoss Protoss
  • League: Silver
  • Spawn Location: 5:00

IA (très facile) - Winner!

  • Race: Terran Terran
  • Spawn Location: 11:00

VOD

Have the link to the VOD?

Description

Time

  • Played on: Jan. 18, 2020, 6:31 a.m.
  • Length: 4:01
Show
View Real Time Build Order
Export as new Build Order

defer Protoss 

Build Orders: 1 Gate Expand 

Get SALT Encoding   

  12  0:00  Probe  
  13  0:13  Probe  
  14  0:17  Pylon  
  14  0:25  Probe  
  15  0:37  Probe  
  15  0:38  Gateway  
  16  0:49  Probe  
  17  1:02  Probe  
  18  1:14  Probe  
  19  1:23  Nexus  
  19  1:26  Probe  
  19  1:29  Cybernetics Core  
  20  1:35  Assimilator  
  20  1:38  Probe  
  21  1:40  Assimilator  
  21  1:46  Pylon  
  21  1:50  Probe  
  22  2:02  Probe  
  22  2:08  Adept (Chrono Boost)  
  23  2:14  Probe  
  26  2:27  Probe (Chrono Boost)  
  27  2:35  Probe (Chrono Boost)  
  28  2:39  Probe (Chrono Boost)  
  30  2:44  Probe (Chrono Boost)  
  30  2:46  Probe (Chrono Boost)  
  30  2:49  Probe (Chrono Boost)  
  31  2:57  Probe (Chrono Boost)  
  33  3:01  Probe (Chrono Boost)  
  35  3:08  Probe x2 (Chrono Boost)  
  35  3:10  Pylon  
  36  3:14  Pylon  
  36  3:17  Probe (Chrono Boost)  
  38  3:22  Probe (Chrono Boost)  
  38  3:24  Probe (Chrono Boost)  
  39  3:28  Probe (Chrono Boost)  
  39  3:32  Probe (Chrono Boost)  
  41  3:40  Probe (Chrono Boost)  
  42  3:46  Assimilator  
  42  3:48  Assimilator  
  43  3:49  Probe (Chrono Boost)  
  43  3:50  Probe (Chrono Boost)  
Show
View Real Time Build Order
Export as new Build Order

IA (très facile) Terran - Winner!

Build Orders:  

Get SALT Encoding   

  12  0:00  SCV  
  13  0:13  SCV  
  14  0:18  Supply Depot  
  14  0:37  Refinery  
  14  0:41  Barracks  
  14  1:04  Supply Depot  
  14  1:12  Refinery  
  14  1:29  Barracks Tech Lab  
  14  1:30  Orbital Command  
  14  1:47  Marauder  
  16  1:55  SCV  
  17  2:07  SCV  
  18  2:20  SCV  
  19  2:32  SCV  
  19  2:35  Marine  
  21  2:44  SCV  
  22  2:56  SCV  
  23  3:24  Marine  
Tags
 
Add a new tag
Caveats
  • Supply blocks, unpowered buildings, or Contaminate may cause inaccurate times.
  • Supply counts are checked every 10 seconds.